 Dungeon Crawl Stone Soup version 0.17.0-26-gececa24 (console) character file.

16159 Kloppie the Cleaver (level 12, -4/108 HPs)
             Began as a Hill Orc Fighter on Nov 20, 2015.
             Was a Priest of Elyvilon.
             Killed by divine providence
             ... invoked by an orc priest
              (14 damage)
             ... on level 3 of the Orcish Mines.
             The game lasted 00:27:51 (17270 turns).

Kloppie the Cleaver (Hill Orc Fighter)             Turns: 17270, Time: 00:27:51

Health: -4/108     AC: 18    Str: 20    XL:     12   Next: 34%
Magic:  22/22      EV:  6    Int:  8    God:    Elyvilon [***...]
Gold:   1125       SH:  0    Dex: 14    Spells: 0 memorised, 11 levels left

rFire  . . .     SeeInvis .     I - +0 battleaxe (flame)
rCold  . . .     Clarity  .     j - +0 plate armour
rNeg   . . .     SustAt   .     (shield currently unavailable)
rPois  .         Gourm    .     y - +1 helmet
rElec  .         Spirit   .     k - +0 cloak {+Inv}
rCorr  .         Warding  .     (no gloves)
rMut   .         Stasis   .     (no boots)
MR     .....                    (no amulet)
Stlth  ..........               (no ring)
                                (no ring)

@: not resistant to hostile enchantments, extremely unstealthy
A: blurry vision 1
a: Lesser Healing, Heal Other, Purification, Divine Protection, Renounce
Religion, Convert to Beogh, Evoke Invisibility


You were on level 3 of the Orcish Mines.
You worshipped Elyvilon.
Elyvilon was most pleased with you.
You were not hungry.

You visited 3 branches of the dungeon, and saw 14 of its levels.

You collected 1411 gold pieces.
You spent 286 gold pieces at shops.

Inventory:

Hand Weapons
 a - a +1 war axe
 I - a +0 battleaxe of flaming (weapon)
Armour
 c - a +0 shield
 j - a +0 plate armour (worn)
 k - a +0 cloak of invisibility (worn)
 y - a +1 helmet (worn)
Jewellery
 d - an uncursed ring of ice
 r - an uncursed ring of ice
 F - an uncursed ring of teleportation
Wands
 v - a wand of slowing (22)
 x - a wand of confusion (31)
 B - a wand of disintegration (24)
 G - a wand of confusion (29)
 J - a wand of disintegration (8)
Scrolls
 h - 3 scrolls of teleportation
 s - 3 scrolls of fog
 t - 3 scrolls of blinking
 u - 2 scrolls of amnesia
 K - a scroll of enchant armour
Potions
 b - a potion of ambrosia {unknown}
 f - 2 potions of curing
 g - a potion of haste
 m - 4 potions of flight
 n - a potion of resistance
 o - a potion of mutation
 p - a potion of lignification
 w - 2 potions of cure mutation
 z - a potion of agility {unknown}
 C - a potion of berserk rage {unknown}
 D - a potion of magic {unknown}
 E - a potion of brilliance {unknown}
Books
 A - a book of Callings

   Spells                             Type                      Level
   a - Summon Small Mammal            Summoning                    1
   b - Call Imp                       Summoning                    2
   c - Call Canine Familiar           Summoning                    3
   d - Summon Guardian Golem          Hexes/Summoning              3
   e - Summon Lightning Spire         Summoning/Air                4
   f - Summon Ice Beast               Ice/Summoning                4
Comestibles
 e - 8 bread rations
 i - 2 meat rations
 l - 10 fruits
 H - 16 royal jellies


   Skills:
 - Level 10.6 Fighting
 + Level 14.5 Axes
 + Level 9.4 Armour
 - Level 3.2 Shields
 + Level 14.1 Invocations


You had 11 spell levels left.
You didn't know any spells.

Dungeon Overview and Level Annotations

Branches:
Dungeon (10/15)            Temple (0/1) D:4            Lair (1/8) D:8
    Orc (3/4) D:10            Elf (0/3) Orc:3

Altars:
Cheibriados
Elyvilon
Fedhas
Gozag
Kikubaaqudgha
Ru
Trog
Vehumet
Yredelemnul
Beogh

Shops:
D:8 [*[   D:10 =   Orc:3 (

Annotations:
D:4 Grinder
Lair:1 grerr's ghost, journeyman FoAE


Innate Abilities, Weirdness & Mutations

Scrolls take you a little longer to read.


Message History

* * * LOW HITPOINT WARNING * * *
You barely miss the orc warrior. The orc warrior completely misses you.
You slash the orc warrior! You burn the orc warrior.
The orc warrior is moderately wounded.
The orc warrior hits you with a halberd.
* * * LOW HITPOINT WARNING * * *
Okay, then.
Okay, then.
Drink which item? (? for menu, Esc to quit)
Okay, then.
Read which item? (? for menu, Esc to quit)
Really read with blurry vision while enemies are nearby? [Y]es or [N]o only, please.
Really read with blurry vision while enemies are nearby?
You begin reading the scroll.
You continue reading the scroll.
The orc warrior hits you with a halberd!
* * * LOW HITPOINT WARNING * * *
The orc priest invokes the aid of Beogh against you.
Something smites you!
You die...

####################
##.#..##.##.#....##.###
####.....................##
##.#......##....>..........#
#.........................##
##.##...................###
####....................#
#..............).....##
##............@....)..#
##.#..#........oo......##
#.....##...#...o........##
##.#.###....#............#
######.#....#..5.......##
#.......###o.....###
##.#.#...##.......#
#...###.###.o....## ##.##
### ##.#)..#


You could see an orc high priest, an orc warrior, 2 orc priests, an orc and an
ufetubus.

Vanquished Creatures
  Fannar (Orc:1)
  The ghost of Kloppie the Cleaver, a novice HOFi of Elyvilon (D:7)
  Pikel (D:6)
  A centaur zombie (D:10)
  A gargoyle (D:10)
  2 komodo dragons (Lair:1)
  A queen bee (D:10)
  A wyvern (D:8)
  A wraith (D:10)
  16 yaks
  5 hippogriffs
  Blork the orc (D:6)
  Menkaure (D:7)
  2 water moccasins
  A warg (Orc:1)
  An ice beast (D:8)
  A porcupine (Lair:1)
  Duvessa (D:6)
  16 orc warriors
  A slave (D:6)
  2 black bears
  6 ogres
  2 sky beasts (D:9)
  3 centaurs
  A phantom (D:10)
  2 big kobolds
  3 crocodiles
  6 giant frogs
  Dowan (D:6)
  A wyvern skeleton (D:10)
  A scorpion (D:4)
  43 killer bees
  5 crimson imps
  4 jellies
  3 quasits
  2 giant frog zombies
  12 orc priests
  17 orc wizards
  Crazy Yiuf (D:5)
  5 hounds
  Natasha (D:3)
  A centaur skeleton (D:6)
  3 giant frog skeletons
  4 iguanas
  3 worker ants
  8 ogre zombies (D:10)
  A hound zombie (D:7)
  A hound skeleton (D:6)
  Robin (D:3)
  11 adders
  A gnoll (D:6)
  3 shadow imps
  An adder zombie (D:5)
  4 worms
  84 orcs
  5 giant cockroaches
  16 goblins
  15 hobgoblins
  10 kobolds
  4 quokkas
  A ball python (D:2)
  7 bats
  4 giant geckos
  A giant gecko skeleton (D:6)
  A giant gecko zombie (D:6)
  3 giant newts
  3 goblin skeletons (D:10)
  3 goblin zombies (D:10)
  10 jackals
  2 orc skeletons (D:10)
  13 orc zombies (D:10)
  A quokka skeleton (D:8)
  A quokka zombie (D:7)
  3 rats
  A plant (Lair:1)
407 creatures vanquished.

Vanquished Creatures (others)
  2 orc warriors (Orc:3)
  A slave (D:6)
  An orc (Orc:3)
  A jackal (D:6)
  A quokka (D:3)
6 creatures vanquished.

Grand Total: 413 creatures vanquished

Notes
Turn   | Place    | Note
--------------------------------------------------------------
     0 | D:1      | Kloppie the Hill Orc Fighter began the quest for the Orb.
     0 | D:1      | Reached XP level 1. HP: 19/19 MP: 1/1
    87 | D:1      | Reached XP level 2. HP: 21/27 MP: 2/2
    96 | D:1      | Found a snail-covered altar of Cheibriados.
   160 | D:1      | Reached skill level 4 in Fighting
   700 | D:2      | Reached XP level 3. HP: 33/33 MP: 3/3
   824 | D:2      | Reached XP level 4. HP: 10/41 MP: 4/4
  1429 | D:2      | Reached skill level 5 in Fighting
  1613 | D:2      | Found a basalt altar of Yredelemnul.
  1960 | D:3      | Found a white marble altar of Elyvilon.
  1971 | D:3      | Became a worshipper of Elyvilon the Healer
  2116 | D:3      | Noticed Natasha
  2160 | D:4      | Found a staircase to the Ecumenical Temple.
  2163 | D:4      | Noticed Grinder
  2164 | D:4      | Paralysed by Grinder for 3 turns
  2194 | D:3      | Killed Natasha
  2194 | D:3      | Reached skill level 5 in Axes
  2194 | D:3      | Reached skill level 1 in Invocations
  2194 | D:3      | Reached XP level 5. HP: 48/48 MP: 5/5
  2388 | D:3      | Noticed Robin
  2407 | D:3      | Killed Robin
  2487 | D:3      | Reached * piety under Elyvilon
  2775 | D:4      | Reached XP level 6. HP: 46/56 MP: 6/8
  2799 | D:5      | Entered Level 5 of the Dungeon
  3036 | D:5      | Reached skill level 6 in Axes
  3182 | D:5      | HP: 2/56 [ogre/giant club (8)]
  3488 | D:4      | Reached XP level 7. HP: 4/61 MP: 9/9
  3991 | D:5      | Reached skill level 5 in Armour
  4107 | D:5      | Reached skill level 7 in Axes
  4122 | D:5      | Noticed Crazy Yiuf
  4138 | D:5      | Killed Crazy Yiuf
  4493 | D:5      | Reached skill level 5 in Invocations
  4723 | D:6      | Reached XP level 8. HP: 15/68 MP: 10/12
  5147 | D:6      | Found a blossoming altar of Fedhas.
  5239 | D:6      | Reached ** piety under Elyvilon
  5245 | D:6      | Noticed Pikel
  5268 | D:6      | Killed Pikel
  5268 | D:6      | Reached skill level 8 in Axes
  5379 | D:6      | Noticed Blork the orc
  5384 | D:6      | Killed Blork the orc
  5410 | D:6      | Reached skill level 9 in Axes
  5414 | D:6      | Reached XP level 9. HP: 62/74 MP: 14/14
  5613 | D:6      | Noticed Dowan
  5614 | D:6      | Noticed Duvessa
  5628 | D:6      | Killed Duvessa
  5630 | D:6      | Killed Dowan
  5934 | D:7      | Noticed Menkaure
  5947 | D:7      | Killed Menkaure
  6438 | D:7      | Noticed Kloppie's ghost (novice HOFi)
  6453 | D:7      | Killed Kloppie's ghost
  6453 | D:7      | Reached skill level 10 in Axes
  6545 | D:7      | Found a sacrificial altar of Ru.
  6545 | D:7      | Found an ancient bone altar of Kikubaaqudgha.
  7049 | D:8      | Reached XP level 10. HP: 66/86 MP: 17/17
  7051 | D:8      | Reached skill level 11 in Axes
  7100 | D:8      | Reached skill level 10 in Invocations
  7122 | D:8      | Found a staircase to the Lair.
  7122 | D:8      | Noticed an elephant
  7125 | D:8      | Pacified an elephant
  7163 | D:8      | Found Sutib's General Store.
  7186 | D:8      | Reached *** piety under Elyvilon
  7465 | D:8      | Found Kamasyno's Armour Shop.
  7972 | D:8      | Found Osusoogurgh's Armour Shoppe.
  8099 | Lair:1   | Entered Level 1 of the Lair of Beasts
  8428 | Lair:1   | Reached skill level 12 in Axes
  8501 | Lair:1   | Reached XP level 11. HP: 13/97 MP: 19/19
  9028 | Lair:1   | Elyvilon protects you from harm!
  9388 | Lair:1   | Noticed grerr's ghost (journeyman FoAE)
  9694 | D:9      | Found a bloodstained altar of Trog.
 10144 | D:9      | Reached skill level 10 in Fighting
 10204 | D:9      | Found an opulent altar of Gozag.
 10451 | D:9      | Reached skill level 13 in Axes
 10518 | D:9      | Found an opulent altar of Gozag.
 10525 | D:9      | Noticed a seven-headed hydra
 10529 | D:9      | Pacified a seven-headed hydra
 10913 | D:10     | Entered Level 10 of the Dungeon
 11050 | D:10     | Found a radiant altar of Vehumet.
 12754 | D:10     | Found Dinynnul's Jewellery Shop.
 12780 | D:10     | Bought a cursed -4 ring of protection for 28 gold pieces
 12780 | D:10     | Bought a cursed ring of loudness for 63 gold pieces
 12946 | D:10     | Found a staircase to the Orcish Mines.
 12979 | D:10     | Found a blossoming altar of Fedhas.
 14271 | Orc:1    | Entered Level 1 of the Orcish Mines
 14271 | Orc:1    | Reached **** piety under Elyvilon
 14337 | Orc:1    | Noticed Fannar
 14380 | Orc:1    | Reached XP level 12. HP: 62/108 MP: 22/22
 14975 | Orc:1    | Killed Fannar
 14975 | Orc:1    | Reached skill level 14 in Axes
 15636 | Orc:2    | Found a bloodstained altar of Trog.
 15780 | Orc:3    | Found a staircase to the Elven Halls.
 15835 | Orc:3    | Found Mestru's Antique Weapon Emporium.
 15853 | Orc:3    | Bought a glowing battleaxe for 195 gold pieces
 16090 | Orc:3    | Noticed an orc warlord
 16105 | Orc:3    | Pacified an orc warlord
 16105 | Orc:3    | HP: 2/108 [orc warrior/hand axe (18)]
 17190 | Orc:3    | Found a roughly hewn altar of Beogh.
 17194 | Orc:3    | Noticed an orc high priest
 17198 | Orc:3    | Gained mutation: Scrolls take you a little longer to read. [a neqoxec]
 17270 | Orc:3    | Killed from afar by an orc priest

Action                   |  1- 3 |  4- 6 |  7- 9 | 10-12 || total
-------------------------+-------+-------+-------+-------++-------
Melee: War axe           |    94 |   179 |   336 |  1018 ||  1627
       Battleaxe         |       |       |       |    93 ||    93
Invok: Lesser Healing    |       |       |       |     4 ||     4
       Heal Other        |       |       |       |     6 ||     6
       Greater Healing   |       |       |       |     3 ||     3
Evoke: Wand              |       |     2 |       |       ||     2
  Use: Potion            |       |     2 |     4 |     3 ||     9
       Scroll            |       |       |    13 |     8 ||    21
 Stab: Distracted        |       |     1 |       |       ||     1
  Eat: Chunk             |       |     8 |     7 |     9 ||    24
       Beef jerky        |       |       |     2 |     1 ||     3
       Pizza             |       |       |     1 |     2 ||     3
       Fruit             |       |       |       |    14 ||    14
       Meat ration       |       |       |       |     2 ||     2
       Bread ration      |       |       |       |     1 ||     1
